[ AOE2 MATCH · #482861069 ]
UnrankedLithuanians vs Goths
[ REPLAY ANALYSIS · EXTRACTED FROM THE RECORDED GAME ]
Feudal
9:43
Castle
15:43
Imperial
30:42
| APM avg | 36.0 |
| APM peak | 89 |
| eAPM avg | 24.2 |
| Villagers / military | 142 / 400 |
Focus
⚔️ 49.9% · 🌾 50.1%
Skirmisher ×249 · Knight ×105 · Hand Cannoneer ×27 · Scout Cavalry ×15 · Monk ×4
Feudal
11:32
Castle
16:05
Imperial
32:52
| APM avg | 23.7 |
| APM peak | 59 |
| eAPM avg | 16.7 |
| Villagers / military | 131 / 47 |
Focus
⚔️ 32.0% · 🌾 68.0%
Skirmisher ×27 · Battering Ram ×11 · Militia ×9
Feudal
12:15
Castle
19:12
Imperial
32:11
| APM avg | 44.3 |
| APM peak | 118 |
| eAPM avg | 33.6 |
| Villagers / military | 179 / 409 |
Focus
⚔️ 40.3% · 🌾 59.7%
Spearman ×246 · Huskarl ×149 · Bombard Cannon ×13 · Mangonel ×1
Feudal
8:56
Castle
18:44
Imperial
26:38
| APM avg | 27.9 |
| APM peak | 59 |
| eAPM avg | 15.6 |
| Villagers / military | 140 / 245 |
Focus
⚔️ 25.3% · 🌾 74.7%
Kipchak ×207 · Trade Cart ×35 · Steppe Lancer ×33 · Trebuchet (Packed) ×5
Feudal
13:11
Castle
17:22
Imperial
29:58
| APM avg | 24.2 |
| APM peak | 51 |
| eAPM avg | 15.3 |
| Villagers / military | 155 / 182 |
Focus
⚔️ 30.7% · 🌾 69.3%
Jaguar Warrior ×147 · Trade Cart ×33 · Mangonel ×28 · Trebuchet (Packed) ×6 · Monk ×1
Feudal
11:25
Castle
15:20
Imperial
27:30
| APM avg | 51.6 |
| APM peak | 87 |
| eAPM avg | 27.0 |
| Villagers / military | 178 / 186 |
Focus
⚔️ 22.4% · 🌾 77.6%
Archer ×170 · Fishing Ship ×22 · Bombard Cannon ×12 · Transport Ship ×3 · Monk ×1
Feudal
9:45
Castle
16:53
Imperial
30:36
| APM avg | 32.4 |
| APM peak | 59 |
| eAPM avg | 20.7 |
| Villagers / military | 168 / 285 |
Focus
⚔️ 25.4% · 🌾 74.6%
Shrivamsha Rider ×146 · Chakram Thrower ×83 · Camel Scout ×52 · Trade Cart ×39 · Fishing Ship ×16 · Bombard Cannon ×2
Feudal
12:50
Castle
18:55
Imperial
33:57
| APM avg | 31.7 |
| APM peak | 68 |
| eAPM avg | 24.1 |
| Villagers / military | 163 / 461 |
Focus
⚔️ 45.2% · 🌾 54.8%
Spearman ×300 · Teutonic Knight ×124 · Bombard Cannon ×13 · Mangonel ×10 · Scorpion ×6 · Battering Ram ×4
Match map
Initial resources + every placement click. Lines = walls · curves = elevation contours. ◆ gold · ⬟ stone · ● berries · ✦ relic · ◌ wall gap
Your base· ✓ Closed at 15:43 · 18t walls · no gate
Lucky's base· ✓ Closed at 16:05 · 13t walls · no gate
SjsteM's base· Open — opponent sealed themselves in
Slets go's base· Open — opponent sealed themselves in
Camarillo Brillo's base· Open — opponent sealed themselves in
MARIJUANA_LUNG's base· Open — opponent sealed themselves in
Don'tHateThePlayer_HateTheLame's base· ✓ Closed at 16:53 · 0t walls · no gate
FoxTroT's base· ✓ Closed at 18:55 · 86t walls · no gate
Smoothed initial terrain · ◌ = detected wall gap · hover for details
Inputs per minute
— Bucky - - Lucky
Build order — Bucky
First 150 of 760 actions detected
| 0:01 | Create | Villager (Male) |
| 0:01 | Create | Villager (Male) |
| 0:02 | Build | House |
| 0:04 | Build | House |
| 0:12 | Create | Villager (Male) |
| 0:12 | Create | Villager (Male) |
| 0:12 | Create | Villager (Male) |
| 0:13 | Create | Villager (Male) |
| 1:26 | Create | Villager (Male) |
| 2:10 | Create | Villager (Male) |
| 2:17 | Build | Lumber Camp |
| 2:24 | Create | Villager (Male) |
| 2:49 | Create | Villager (Male) |
| 3:08 | Research | Loom |
| 3:11 | Create | Villager (Male) |
| 3:12 | Create | Villager (Male) |
| 3:21 | Create | Villager (Male) |
| 3:31 | Build | House |
| 3:36 | Create | Villager (Male) |
| 3:36 | Create | Villager (Male) |
| 3:46 | Build | Palisade Wall |
| 3:47 | Build | Palisade Wall |
| 3:49 | Build | Palisade Wall |
| 5:05 | Build | Mill |
| 5:29 | Create | Villager (Male) |
| 5:29 | Create | Villager (Male) |
| 5:52 | Build | Palisade Wall |
| 6:11 | Create | Villager (Male) |
| 6:11 | Create | Villager (Male) |
| 6:46 | Create | Villager (Male) |
| 6:46 | Create | Villager (Male) |
| 6:57 | Build | Palisade Wall |
| 7:10 | Build | Palisade Wall |
| 7:33 | Research | Feudal Age |
| 7:42 | Build | House |
| 8:07 | Build | Mining Camp |
| 8:50 | Create | Villager (Male) |
| 8:51 | Create | Villager (Male) |
| 8:53 | Create | Villager (Male) |
| 8:54 | Create | Villager (Male) |
| 8:54 | Create | Villager (Male) |
| 8:54 | Create | Villager (Male) |
| 8:55 | Create | Villager (Male) |
| 9:23 | Build | House |
| 9:26 | Create | Villager (Male) |
| 9:43 | Age | Feudal Age |
| 9:56 | Build | Market |
| 10:03 | Build | Stone Wall |
| 10:04 | Build | Stone Wall |
| 10:08 | Create | Villager (Male) |
| 10:39 | Create | Villager (Male) |
| 10:55 | Create | Villager (Male) |
| 11:16 | Build | Blacksmith |
| 12:20 | Create | Villager (Male) |
| 12:23 | Build | Lumber Camp |
| 13:03 | Research | Castle Age |
| 13:42 | Research | Double-Bit Axe |
| 13:52 | Build | House |
| 14:11 | Research | Horse Collar |
| 15:42 | Create | Villager (Male) |
| 15:42 | Create | Villager (Male) |
| 15:43 | Age | Castle Age |
| 15:46 | Build | Town Center |
| 15:50 | Build | Town Center |
| 15:51 | Create | Villager (Male) |
| 16:23 | Create | Villager (Male) |
| 16:49 | Create | Villager (Male) |
| 16:50 | Create | Villager (Male) |
| 16:55 | Create | Villager (Male) |
| 16:55 | Create | Villager (Male) |
| 17:05 | Build | Farm |
| 17:06 | Build | Farm |
| 17:14 | Build | Farm |
| 17:21 | Build | Farm |
| 17:46 | Build | Farm |
| 17:47 | Build | Farm |
| 17:48 | Create | Villager (Male) |
| 17:49 | Create | Villager (Male) |
| 17:56 | Build | Stone Wall |
| 17:58 | Build | Stone Wall |
| 18:01 | Create | Villager (Male) |
| 18:01 | Create | Villager (Male) |
| 18:29 | Create | Villager (Male) |
| 18:29 | Create | Villager (Male) |
| 18:29 | Create | Villager (Male) |
| 18:30 | Create | Villager (Male) |
| 18:40 | Build | Farm |
| 18:41 | Build | Farm |
| 18:44 | Create | Villager (Male) |
| 18:45 | Create | Villager (Male) |
| 19:15 | Build | Town Center |
| 19:17 | Create | Villager (Male) |
| 19:18 | Create | Villager (Male) |
| 19:18 | Create | Villager (Male) |
| 19:18 | Create | Villager (Male) |
| 19:25 | Research | Wheelbarrow |
| 19:27 | Research | Heavy Plow |
| 19:29 | Build | House |
| 19:36 | Create | Villager (Male) |
| 19:36 | Create | Villager (Male) |
| 19:42 | Research | Bow Saw |
| 20:00 | Create | Villager (Male) |
| 20:00 | Create | Villager (Male) |
| 20:01 | Create | Villager (Male) |
| 20:01 | Create | Villager (Male) |
| 20:01 | Create | Villager (Male) |
| 20:15 | Build | Monastery |
| 20:16 | Create | Villager (Male) |
| 20:22 | Create | Villager (Male) |
| 20:22 | Create | Villager (Male) |
| 20:22 | Create | Villager (Male) |
| 20:36 | Build | Lumber Camp |
| 20:39 | Create | Villager (Male) |
| 20:58 | Create | Monk |
| 20:58 | Create | Monk |
| 21:08 | Build | House |
| 21:27 | Create | Villager (Male) |
| 21:30 | Build | Monastery |
| 21:33 | Create | Villager (Male) |
| 21:33 | Create | Villager (Male) |
| 21:48 | Build | Stone Wall |
| 21:51 | Build | Farm |
| 21:52 | Build | Farm |
| 21:53 | Build | Farm |
| 21:57 | Build | Farm |
| 22:04 | Build | Farm |
| 22:06 | Create | Villager (Male) |
| 22:06 | Create | Villager (Male) |
| 22:11 | Create | Monk |
| 22:12 | Build | House |
| 22:26 | Build | House |
| 22:33 | Create | Monk |
| 22:37 | Build | House |
| 22:38 | Build | House |
| 22:39 | Build | House |
| 22:40 | Build | House |
| 22:43 | Build | House |
| 22:45 | Build | House |
| 22:45 | Build | House |
| 22:47 | Build | House |
| 22:48 | Build | House |
| 22:49 | Build | House |
| 22:50 | Build | House |
| 22:57 | Create | Villager (Male) |
| 22:57 | Create | Villager (Male) |
| 22:57 | Create | Villager (Male) |
| 22:58 | Create | Villager (Male) |
| 23:02 | Build | Farm |
| 23:02 | Build | Farm |
| 23:03 | Build | Farm |
Build order — Lucky
First 150 of 385 actions detected
| 0:01 | Create | Villager (Male) |
| 0:01 | Create | Villager (Male) |
| 0:02 | Create | Villager (Male) |
| 0:02 | Build | House |
| 0:04 | Build | House |
| 0:16 | Create | Villager (Male) |
| 0:26 | Build | House |
| 0:43 | Research | Loom |
| 0:58 | Create | Villager (Male) |
| 0:58 | Create | Villager (Male) |
| 1:19 | Build | Palisade Wall |
| 2:13 | Create | Villager (Male) |
| 2:24 | Build | Lumber Camp |
| 2:48 | Create | Villager (Male) |
| 3:18 | Create | Villager (Male) |
| 3:18 | Create | Villager (Male) |
| 3:46 | Create | Villager (Male) |
| 4:16 | Create | Villager (Male) |
| 4:16 | Create | Villager (Male) |
| 4:16 | Create | Villager (Male) |
| 4:41 | Build | Mill |
| 4:44 | Create | Villager (Male) |
| 5:11 | Create | Villager (Male) |
| 5:11 | Create | Villager (Male) |
| 5:35 | Create | Villager (Male) |
| 5:52 | Create | Villager (Male) |
| 6:17 | Create | Villager (Male) |
| 6:29 | Create | Villager (Male) |
| 6:29 | Create | Villager (Male) |
| 7:18 | Create | Villager (Male) |
| 7:18 | Create | Villager (Male) |
| 7:19 | Create | Villager (Male) |
| 7:33 | Create | Villager (Male) |
| 7:33 | Create | Villager (Male) |
| 7:33 | Create | Villager (Male) |
| 7:37 | Build | House |
| 7:52 | Build | House |
| 8:14 | Create | Villager (Male) |
| 8:47 | Create | Villager (Male) |
| 8:53 | Build | Mining Camp |
| 9:22 | Research | Feudal Age |
| 9:34 | Build | Mining Camp |
| 11:23 | Create | Villager (Male) |
| 11:32 | Age | Feudal Age |
| 11:45 | Build | Market |
| 11:47 | Create | Villager (Male) |
| 12:12 | Build | Blacksmith |
| 12:15 | Build | House |
| 12:24 | Create | Villager (Male) |
| 12:51 | Create | Villager (Male) |
| 13:08 | Build | Mill |
| 13:25 | Research | Castle Age |
| 13:25 | Research | Castle Age |
| 13:53 | Build | House |
| 13:58 | Build | House |
| 14:36 | Build | Stone Wall |
| 14:44 | Build | Outpost |
| 15:00 | Build | Outpost |
| 15:12 | Research | Horse Collar |
| 15:16 | Research | Double-Bit Axe |
| 15:21 | Build | House |
| 16:05 | Build | House |
| 16:05 | Age | Castle Age |
| 16:09 | Create | Villager (Male) |
| 16:31 | Create | Villager (Male) |
| 16:43 | Build | Town Center |
| 16:45 | Create | Villager (Male) |
| 16:48 | Build | House |
| 17:18 | Build | House |
| 17:26 | Create | Villager (Male) |
| 17:38 | Create | Villager (Male) |
| 17:47 | Create | Villager (Male) |
| 17:57 | Build | Town Center |
| 18:00 | Create | Villager (Male) |
| 18:24 | Build | Lumber Camp |
| 18:25 | Create | Villager (Male) |
| 18:26 | Create | Villager (Male) |
| 18:45 | Build | Farm |
| 18:46 | Create | Villager (Male) |
| 18:56 | Build | House |
| 18:59 | Build | House |
| 19:07 | Create | Villager (Male) |
| 19:10 | Create | Villager (Male) |
| 19:26 | Create | Villager (Male) |
| 19:28 | Create | Villager (Male) |
| 19:30 | Build | Farm |
| 19:30 | Build | Farm |
| 19:31 | Build | Farm |
| 19:31 | Build | Farm |
| 19:31 | Build | Farm |
| 19:31 | Build | Farm |
| 19:55 | Build | Farm |
| 20:05 | Build | Stone Wall |
| 20:12 | Build | Farm |
| 20:12 | Build | Farm |
| 20:12 | Build | Farm |
| 20:13 | Build | Farm |
| 20:13 | Build | Farm |
| 20:26 | Create | Villager (Male) |
| 20:27 | Create | Villager (Male) |
| 20:27 | Create | Villager (Male) |
| 20:27 | Create | Villager (Male) |
| 20:37 | Build | Stone Wall |
| 20:38 | Build | House |
| 20:48 | Build | Farm |
| 20:48 | Build | Farm |
| 20:48 | Build | Farm |
| 20:48 | Build | Farm |
| 20:49 | Build | Farm |
| 20:55 | Create | Villager (Male) |
| 21:04 | Create | Villager (Male) |
| 21:04 | Create | Villager (Male) |
| 21:19 | Create | Villager (Male) |
| 21:23 | Build | Farm |
| 21:28 | Create | Villager (Male) |
| 21:31 | Build | House |
| 21:44 | Create | Villager (Male) |
| 21:44 | Create | Villager (Male) |
| 21:45 | Create | Villager (Male) |
| 21:50 | Build | Farm |
| 21:59 | Create | Villager (Male) |
| 22:00 | Create | Villager (Male) |
| 22:06 | Build | House |
| 22:08 | Create | Villager (Male) |
| 22:23 | Build | Farm |
| 22:25 | Create | Villager (Male) |
| 22:36 | Build | Lumber Camp |
| 22:40 | Create | Villager (Male) |
| 22:42 | Create | Villager (Male) |
| 22:42 | Create | Villager (Male) |
| 22:46 | Build | Farm |
| 22:54 | Build | House |
| 23:06 | Research | Heavy Plow |
| 23:06 | Research | Heavy Plow |
| 23:07 | Research | Heavy Plow |
| 23:12 | Create | Villager (Male) |
| 23:20 | Create | Villager (Male) |
| 23:23 | Build | Farm |
| 23:29 | Build | House |
| 23:33 | Build | Mining Camp |
| 23:34 | Create | Villager (Male) |
| 23:35 | Create | Villager (Male) |
| 23:38 | Create | Villager (Male) |
| 23:59 | Create | Villager (Male) |
| 24:02 | Create | Villager (Male) |
| 24:02 | Create | Villager (Male) |
| 24:07 | Build | House |
| 24:16 | Build | Town Center |
| 24:21 | Create | Villager (Male) |
| 24:26 | Create | Villager (Male) |
Build order — SjsteM
First 150 of 925 actions detected
| 0:03 | Create | Villager (Male) |
| 0:03 | Create | Villager (Male) |
| 0:05 | Build | House |
| 0:08 | Build | House |
| 0:19 | Create | Villager (Male) |
| 0:20 | Create | Villager (Male) |
| 0:20 | Create | Villager (Male) |
| 1:11 | Research | Loom |
| 1:36 | Build | Palisade Wall |
| 1:57 | Create | Villager (Male) |
| 2:09 | Create | Villager (Male) |
| 2:23 | Build | Palisade Wall |
| 2:25 | Build | Palisade Wall |
| 2:26 | Build | Palisade Wall |
| 2:27 | Build | Palisade Wall |
| 2:29 | Build | Palisade Wall |
| 2:30 | Build | Palisade Wall |
| 2:32 | Build | Palisade Wall |
| 2:51 | Create | Villager (Male) |
| 3:13 | Create | Villager (Male) |
| 3:13 | Create | Villager (Male) |
| 3:13 | Create | Villager (Male) |
| 3:27 | Build | House |
| 3:48 | Create | Villager (Male) |
| 3:48 | Create | Villager (Male) |
| 3:49 | Create | Villager (Male) |
| 4:27 | Create | Villager (Male) |
| 4:28 | Create | Villager (Male) |
| 4:28 | Create | Villager (Male) |
| 4:59 | Create | Villager (Male) |
| 4:59 | Create | Villager (Male) |
| 5:00 | Create | Villager (Male) |
| 5:29 | Create | Villager (Male) |
| 5:30 | Create | Villager (Male) |
| 5:33 | Create | Villager (Male) |
| 5:33 | Create | Villager (Male) |
| 5:34 | Create | Villager (Male) |
| 5:34 | Create | Villager (Male) |
| 6:06 | Build | House |
| 6:08 | Create | Villager (Male) |
| 6:11 | Build | House |
| 6:30 | Build | House |
| 6:31 | Build | Palisade Wall |
| 6:32 | Build | Palisade Wall |
| 6:32 | Build | Palisade Wall |
| 6:33 | Build | Palisade Wall |
| 6:34 | Build | Palisade Wall |
| 6:35 | Build | Palisade Wall |
| 6:38 | Build | Palisade Wall |
| 6:39 | Build | Palisade Wall |
| 6:40 | Create | Villager (Male) |
| 6:53 | Create | Villager (Male) |
| 7:12 | Create | Villager (Male) |
| 7:30 | Build | Palisade Wall |
| 7:33 | Build | Palisade Wall |
| 7:35 | Build | Palisade Wall |
| 7:37 | Build | Palisade Wall |
| 7:52 | Create | Villager (Male) |
| 8:02 | Build | Lumber Camp |
| 8:21 | Create | Villager (Male) |
| 8:25 | Build | Mill |
| 8:34 | Build | Palisade Wall |
| 8:35 | Build | Palisade Wall |
| 8:42 | Create | Villager (Male) |
| 8:47 | Create | Villager (Male) |
| 9:00 | Build | House |
| 9:03 | Build | Palisade Wall |
| 9:06 | Create | Villager (Male) |
| 9:34 | Build | House |
| 9:47 | Build | House |
| 10:05 | Research | Feudal Age |
| 10:05 | Research | Feudal Age |
| 10:06 | Research | Feudal Age |
| 10:13 | Build | Lumber Camp |
| 10:16 | Build | House |
| 10:48 | Build | Mining Camp |
| 11:16 | Build | House |
| 11:20 | Create | Villager (Male) |
| 11:20 | Create | Villager (Male) |
| 11:46 | Build | House |
| 11:48 | Build | House |
| 11:50 | Build | House |
| 11:55 | Create | Villager (Male) |
| 12:15 | Age | Feudal Age |
| 12:21 | Create | Villager (Male) |
| 12:33 | Create | Villager (Male) |
| 12:35 | Research | Double-Bit Axe |
| 12:39 | Build | Farm |
| 12:40 | Build | Farm |
| 12:41 | Build | Farm |
| 12:46 | Build | House |
| 12:55 | Build | House |
| 12:57 | Build | House |
| 12:58 | Create | Villager (Male) |
| 13:10 | Build | Farm |
| 13:18 | Create | Villager (Male) |
| 13:49 | Build | Blacksmith |
| 14:02 | Research | Horse Collar |
| 14:02 | Research | Horse Collar |
| 14:35 | Build | House |
| 14:54 | Build | Market |
| 15:03 | Create | Villager (Male) |
| 15:08 | Build | Farm |
| 15:29 | Build | Mining Camp |
| 15:42 | Build | Farm |
| 15:42 | Create | Villager (Male) |
| 15:51 | Build | Farm |
| 16:05 | Build | Farm |
| 16:06 | Create | Villager (Male) |
| 16:11 | Research | Castle Age |
| 16:12 | Research | Castle Age |
| 16:14 | Build | Farm |
| 16:27 | Build | Farm |
| 17:01 | Research | Stone Mining |
| 17:42 | Research | Gold Mining |
| 18:43 | Create | Villager (Male) |
| 18:43 | Create | Villager (Male) |
| 19:12 | Age | Castle Age |
| 19:16 | Build | Town Center |
| 19:22 | Create | Villager (Male) |
| 19:26 | Build | Town Center |
| 19:31 | Build | Farm |
| 19:36 | Research | Heavy Plow |
| 19:49 | Build | Farm |
| 19:50 | Build | Farm |
| 19:51 | Build | Farm |
| 19:53 | Build | Farm |
| 19:55 | Create | Villager (Male) |
| 20:12 | Build | Lumber Camp |
| 20:24 | Create | Villager (Male) |
| 20:29 | Create | Villager (Male) |
| 20:39 | Create | Villager (Male) |
| 20:39 | Create | Villager (Male) |
| 20:48 | Create | Villager (Male) |
| 20:48 | Create | Villager (Male) |
| 20:48 | Create | Villager (Male) |
| 20:58 | Build | Farm |
| 21:01 | Build | Farm |
| 21:01 | Create | Villager (Male) |
| 21:02 | Create | Villager (Male) |
| 21:02 | Create | Villager (Male) |
| 21:11 | Create | Villager (Male) |
| 21:17 | Build | Farm |
| 21:20 | Build | Farm |
| 21:34 | Create | Villager (Male) |
| 21:41 | Build | Farm |
| 21:42 | Create | Villager (Male) |
| 21:47 | Create | Villager (Male) |
| 21:47 | Create | Villager (Male) |
| 21:55 | Create | Villager (Male) |
Build order — Slets go
First 150 of 408 actions detected
| 0:01 | Create | Villager (Male) |
| 0:01 | Create | Villager (Male) |
| 0:02 | Build | House |
| 0:05 | Build | House |
| 0:11 | Create | Villager (Male) |
| 0:12 | Create | Villager (Male) |
| 1:30 | Create | Villager (Male) |
| 1:47 | Build | Lumber Camp |
| 1:59 | Create | Villager (Male) |
| 1:59 | Create | Villager (Male) |
| 2:21 | Create | Villager (Male) |
| 2:44 | Create | Villager (Male) |
| 3:09 | Create | Villager (Male) |
| 3:45 | Create | Villager (Male) |
| 3:49 | Build | House |
| 4:10 | Research | Loom |
| 4:16 | Create | Villager (Male) |
| 4:31 | Create | Villager (Male) |
| 4:46 | Create | Villager (Male) |
| 5:17 | Build | Mill |
| 5:21 | Create | Villager (Male) |
| 5:46 | Create | Villager (Male) |
| 6:17 | Create | Villager (Male) |
| 6:39 | Research | Feudal Age |
| 7:21 | Build | House |
| 8:55 | Create | Villager (Male) |
| 8:56 | Age | Feudal Age |
| 9:01 | Build | Town Center |
| 9:15 | Create | Villager (Male) |
| 9:46 | Create | Villager (Male) |
| 10:14 | Create | Villager (Male) |
| 10:25 | Build | House |
| 10:27 | Create | Villager (Male) |
| 10:28 | Research | Double-Bit Axe |
| 10:35 | Create | Villager (Male) |
| 10:41 | Create | Villager (Male) |
| 10:41 | Create | Villager (Male) |
| 10:56 | Build | House |
| 10:57 | Create | Villager (Male) |
| 11:06 | Research | Horse Collar |
| 11:16 | Build | Farm |
| 11:32 | Create | Villager (Male) |
| 11:35 | Build | Farm |
| 11:37 | Build | Farm |
| 11:38 | Create | Villager (Male) |
| 11:47 | Create | Villager (Male) |
| 11:57 | Build | Farm |
| 11:57 | Create | Villager (Male) |
| 12:00 | Create | Villager (Male) |
| 12:03 | Create | Villager (Male) |
| 12:05 | Build | Farm |
| 12:20 | Build | House |
| 12:42 | Create | Villager (Male) |
| 12:44 | Build | Farm |
| 12:46 | Build | Farm |
| 13:06 | Build | Farm |
| 13:07 | Create | Villager (Male) |
| 13:10 | Build | Farm |
| 13:12 | Create | Villager (Male) |
| 13:17 | Build | House |
| 13:19 | Create | Villager (Male) |
| 13:19 | Create | Villager (Male) |
| 13:28 | Build | Farm |
| 13:33 | Build | Farm |
| 13:35 | Create | Villager (Male) |
| 13:39 | Create | Villager (Male) |
| 13:56 | Build | Farm |
| 14:01 | Create | Villager (Male) |
| 14:10 | Build | Blacksmith |
| 14:13 | Create | Villager (Male) |
| 14:18 | Build | Farm |
| 14:36 | Create | Villager (Male) |
| 14:42 | Create | Villager (Male) |
| 14:48 | Build | Market |
| 14:55 | Build | Market |
| 14:58 | Build | Farm |
| 14:58 | Create | Villager (Male) |
| 15:06 | Build | Farm |
| 15:10 | Build | Farm |
| 15:14 | Create | Villager (Male) |
| 15:19 | Build | Farm |
| 15:28 | Build | Farm |
| 15:31 | Create | Villager (Male) |
| 15:32 | Create | Villager (Male) |
| 15:58 | Research | Castle Age |
| 16:02 | Build | House |
| 16:03 | Build | House |
| 16:03 | Create | Villager (Male) |
| 16:31 | Build | House |
| 16:31 | Build | House |
| 16:36 | Research | Wheelbarrow |
| 16:53 | Create | Villager (Male) |
| 17:44 | Build | House |
| 17:45 | Build | House |
| 18:07 | Create | Villager (Male) |
| 18:44 | Age | Castle Age |
| 18:48 | Build | Town Center |
| 18:53 | Create | Villager (Male) |
| 18:58 | Build | Town Center |
| 19:04 | Research | Bow Saw |
| 19:06 | Research | Heavy Plow |
| 19:10 | Build | Farm |
| 19:11 | Create | Villager (Male) |
| 19:14 | Build | House |
| 19:14 | Build | House |
| 19:15 | Create | Villager (Male) |
| 19:25 | Build | Farm |
| 19:30 | Create | Villager (Male) |
| 19:32 | Create | Villager (Male) |
| 19:35 | Build | Farm |
| 19:36 | Build | Farm |
| 19:38 | Create | Villager (Male) |
| 19:43 | Build | Farm |
| 19:44 | Create | Villager (Male) |
| 19:49 | Build | Farm |
| 19:49 | Build | Farm |
| 19:49 | Build | Farm |
| 19:50 | Build | Farm |
| 19:51 | Create | Villager (Male) |
| 19:52 | Create | Villager (Male) |
| 19:56 | Build | Farm |
| 20:03 | Create | Villager (Male) |
| 20:11 | Build | Farm |
| 20:15 | Create | Villager (Male) |
| 20:15 | Create | Villager (Male) |
| 20:16 | Build | House |
| 20:35 | Create | Villager (Male) |
| 20:38 | Create | Villager (Male) |
| 20:38 | Create | Villager (Male) |
| 20:44 | Build | Farm |
| 20:50 | Build | Farm |
| 20:51 | Build | Farm |
| 20:52 | Build | Farm |
| 20:55 | Create | Villager (Male) |
| 20:55 | Create | Villager (Male) |
| 20:59 | Build | Farm |
| 21:03 | Build | Farm |
| 21:04 | Create | Villager (Male) |
| 21:06 | Build | Farm |
| 21:11 | Create | Villager (Male) |
| 21:12 | Create | Villager (Male) |
| 21:15 | Research | Hand Cart |
| 21:24 | Build | Mining Camp |
| 21:30 | Create | Villager (Male) |
| 21:30 | Create | Villager (Male) |
| 21:34 | Create | Villager (Male) |
| 21:34 | Create | Villager (Male) |
| 21:37 | Build | House |
| 21:38 | Build | House |
| 22:02 | Research | Gold Mining |
Build order — Camarillo Brillo
First 150 of 353 actions detected
| 0:02 | Build | House |
| 0:04 | Build | House |
| 0:06 | Create | Villager (Male) ×4 |
| 1:04 | Build | Palisade Wall |
| 1:52 | Build | Palisade Wall |
| 2:04 | Create | Villager (Male) |
| 2:43 | Create | Villager (Male) |
| 3:03 | Create | Villager (Male) |
| 4:24 | Build | Lumber Camp |
| 4:25 | Create | Villager (Male) |
| 4:25 | Create | Villager (Male) |
| 4:50 | Create | Villager (Male) ×3 |
| 6:02 | Create | Villager (Male) ×3 |
| 6:02 | Create | Villager (Male) ×3 |
| 6:06 | Build | House |
| 6:11 | Research | Loom |
| 6:12 | Create | Villager (Male) |
| 6:12 | Create | Villager (Male) |
| 7:02 | Build | Mill |
| 7:16 | Create | Villager (Male) |
| 7:16 | Create | Villager (Male) |
| 7:16 | Create | Villager (Male) |
| 7:17 | Create | Villager (Male) |
| 8:24 | Build | House |
| 9:21 | Create | Villager (Male) |
| 9:21 | Create | Villager (Male) |
| 9:21 | Create | Villager (Male) |
| 9:52 | Build | Mining Camp |
| 9:56 | Create | Villager (Male) |
| 10:21 | Research | Feudal Age |
| 10:41 | Build | Mining Camp |
| 11:16 | Build | House |
| 12:26 | Build | House |
| 13:11 | Age | Feudal Age |
| 13:13 | Build | Market |
| 13:21 | Build | Stone Wall |
| 13:27 | Create | Villager (Male) |
| 13:27 | Create | Villager (Male) |
| 13:27 | Create | Villager (Male) |
| 13:32 | Research | Double-Bit Axe |
| 13:34 | Research | Horse Collar |
| 14:05 | Build | Blacksmith |
| 14:38 | Research | Castle Age |
| 15:18 | Build | Stone Wall |
| 15:18 | Build | Stone Wall |
| 17:20 | Build | House |
| 17:22 | Age | Castle Age |
| 17:24 | Create | Villager (Male) |
| 17:25 | Create | Villager (Male) |
| 17:32 | Build | Town Center |
| 17:45 | Build | Town Center |
| 17:48 | Create | Villager (Male) |
| 17:52 | Research | Bow Saw |
| 17:54 | Research | Heavy Plow |
| 18:24 | Build | House |
| 18:27 | Build | Farm |
| 18:30 | Build | Farm |
| 18:32 | Build | Farm |
| 18:37 | Build | Farm |
| 18:39 | Build | Farm |
| 18:41 | Create | Villager (Male) |
| 18:42 | Create | Villager (Male) |
| 18:47 | Create | Villager (Male) ×4 |
| 18:52 | Build | Farm |
| 18:54 | Build | Farm |
| 19:09 | Create | Villager (Male) |
| 19:13 | Build | Farm |
| 19:15 | Build | Farm |
| 19:18 | Build | House |
| 19:19 | Build | House |
| 19:26 | Build | Farm |
| 19:31 | Create | Villager (Male) ×2 |
| 19:36 | Build | Farm |
| 19:40 | Build | Farm |
| 19:48 | Build | Farm |
| 19:49 | Build | Farm |
| 20:07 | Build | Farm |
| 20:10 | Create | Villager (Male) ×2 |
| 20:22 | Build | Outpost |
| 20:24 | Create | Villager (Male) |
| 20:31 | Build | Farm |
| 20:34 | Build | Farm |
| 20:37 | Build | Farm |
| 20:41 | Build | Farm |
| 20:43 | Create | Villager (Male) |
| 20:43 | Create | Villager (Male) |
| 20:43 | Create | Villager (Male) |
| 20:43 | Create | Villager (Male) |
| 20:46 | Build | Farm |
| 20:57 | Create | Villager (Male) |
| 21:09 | Build | House |
| 21:10 | Build | House |
| 21:12 | Create | Villager (Male) |
| 21:12 | Create | Villager (Male) |
| 21:16 | Build | Farm |
| 21:34 | Build | Town Center |
| 21:41 | Create | Villager (Male) ×5 |
| 21:44 | Build | Farm |
| 21:51 | Build | Mining Camp |
| 21:54 | Create | Villager (Male) |
| 21:54 | Create | Villager (Male) ×2 |
| 22:28 | Build | Stone Wall |
| 22:31 | Build | Gate |
| 22:32 | Create | Villager (Male) ×5 |
| 22:37 | Build | Farm |
| 22:39 | Build | Farm |
| 22:49 | Create | Villager (Male) ×3 |
| 22:57 | Build | Farm |
| 22:58 | Build | Farm |
| 22:59 | Build | Farm |
| 23:01 | Build | Farm |
| 23:03 | Build | Farm |
| 23:04 | Build | Farm |
| 23:08 | Create | Villager (Male) |
| 23:09 | Create | Villager (Male) |
| 23:09 | Create | Villager (Male) |
| 23:12 | Build | Farm |
| 23:22 | Build | Lumber Camp |
| 23:28 | Create | Villager (Male) ×4 |
| 23:32 | Build | Farm |
| 23:49 | Build | Farm |
| 23:51 | Create | Villager (Male) ×4 |
| 23:52 | Create | Villager (Male) ×4 |
| 24:00 | Build | Monastery |
| 24:04 | Create | Villager (Male) ×2 |
| 24:12 | Create | Villager (Male) ×2 |
| 24:18 | Build | House |
| 24:19 | Build | House |
| 24:19 | Build | House |
| 24:21 | Build | House |
| 24:23 | Build | House |
| 24:30 | Build | House |
| 24:32 | Build | House |
| 24:32 | Build | House |
| 24:35 | Create | Villager (Male) ×5 |
| 24:41 | Research | Wheelbarrow |
| 24:52 | Build | Barracks |
| 25:00 | Build | Siege Workshop |
| 25:02 | Create | Villager (Male) ×5 |
| 25:03 | Create | Villager (Male) |
| 25:16 | Create | Monk |
| 25:37 | Build | Mill |
| 25:38 | Build | Farm |
| 25:44 | Build | Farm |
| 25:44 | Build | Farm |
| 25:44 | Build | Farm |
| 25:44 | Build | Farm |
| 26:18 | Build | Mill |
| 26:18 | Build | Farm |
| 26:18 | Build | Farm |
Build order — MARIJUANA_LUNG
First 150 of 478 actions detected
| 0:01 | Create | Villager (Male) |
| 0:02 | Create | Villager (Male) |
| 0:02 | Create | Villager (Male) |
| 0:04 | Build | House |
| 0:05 | Build | House |
| 0:19 | Create | Villager (Male) |
| 0:19 | Create | Villager (Male) |
| 1:23 | Create | Villager (Male) |
| 1:23 | Create | Villager (Male) |
| 2:00 | Create | Villager (Male) |
| 2:01 | Create | Villager (Male) |
| 2:19 | Create | Villager (Male) |
| 2:20 | Create | Villager (Male) |
| 2:22 | Build | Lumber Camp |
| 2:46 | Create | Villager (Male) |
| 2:47 | Create | Villager (Male) |
| 2:47 | Create | Villager (Male) |
| 3:02 | Create | Villager (Male) |
| 3:02 | Create | Villager (Male) |
| 3:03 | Create | Villager (Male) |
| 3:40 | Create | Villager (Male) |
| 3:40 | Create | Villager (Male) |
| 3:46 | Create | Villager (Male) |
| 3:47 | Create | Villager (Male) |
| 3:52 | Build | House |
| 4:20 | Create | Villager (Male) |
| 4:20 | Create | Villager (Male) |
| 4:33 | Build | Dock |
| 4:52 | Create | Villager (Male) |
| 4:53 | Create | Villager (Male) |
| 5:20 | Create | Fishing Ship |
| 5:20 | Create | Fishing Ship |
| 5:21 | Create | Villager (Male) |
| 5:21 | Create | Villager (Male) |
| 5:24 | Build | House |
| 5:51 | Create | Villager (Male) |
| 5:51 | Create | Villager (Male) |
| 5:51 | Create | Villager (Male) |
| 6:03 | Create | Fishing Ship |
| 6:08 | Create | Villager (Male) |
| 6:09 | Create | Villager (Male) |
| 6:23 | Build | House |
| 6:33 | Create | Fishing Ship |
| 6:35 | Create | Villager (Male) |
| 6:41 | Create | Villager (Male) |
| 6:41 | Create | Villager (Male) |
| 6:55 | Create | Fishing Ship |
| 6:55 | Create | Fishing Ship |
| 7:24 | Create | Villager (Male) |
| 7:24 | Create | Villager (Male) |
| 7:25 | Create | Villager (Male) |
| 7:27 | Create | Fishing Ship |
| 7:48 | Create | Villager (Male) |
| 7:48 | Create | Villager (Male) |
| 7:50 | Build | House |
| 8:11 | Build | Mill |
| 8:34 | Create | Fishing Ship |
| 8:34 | Create | Fishing Ship |
| 8:34 | Create | Fishing Ship |
| 9:15 | Research | Feudal Age |
| 9:15 | Research | Feudal Age |
| 9:18 | Build | Mining Camp |
| 9:50 | Create | Fishing Ship |
| 10:28 | Build | House |
| 11:19 | Create | Villager (Male) |
| 11:20 | Create | Villager (Male) |
| 11:25 | Age | Feudal Age |
| 11:28 | Build | Market |
| 11:30 | Build | Blacksmith |
| 11:42 | Create | Fishing Ship |
| 12:10 | Build | House |
| 12:15 | Research | Double-Bit Axe |
| 12:16 | Research | Double-Bit Axe |
| 12:16 | Research | Double-Bit Axe |
| 12:40 | Research | Castle Age |
| 12:40 | Research | Castle Age |
| 12:59 | Build | Mining Camp |
| 13:19 | Build | Fish Trap |
| 13:28 | Build | Fish Trap |
| 13:37 | Build | Fish Trap |
| 13:39 | Build | Fish Trap |
| 13:40 | Build | Fish Trap |
| 13:42 | Create | Fishing Ship |
| 13:57 | Build | Fish Trap |
| 14:05 | Build | Fish Trap |
| 14:11 | Build | Stone Wall |
| 14:12 | Build | Stone Wall |
| 14:12 | Build | Stone Wall |
| 14:13 | Build | Stone Wall |
| 14:14 | Build | Stone Wall |
| 14:16 | Build | Stone Wall |
| 14:20 | Build | Stone Wall |
| 14:23 | Build | Stone Wall |
| 14:26 | Build | Stone Wall |
| 14:35 | Create | Villager (Male) |
| 14:39 | Build | Fish Trap |
| 14:40 | Create | Fishing Ship |
| 15:19 | Create | Villager (Male) |
| 15:20 | Age | Castle Age |
| 15:22 | Build | Town Center |
| 15:41 | Create | Villager (Male) |
| 15:47 | Create | Fishing Ship |
| 15:50 | Build | Fish Trap |
| 16:14 | Create | Fishing Ship |
| 16:27 | Create | Villager (Male) |
| 16:41 | Build | Town Center |
| 16:45 | Build | House |
| 16:50 | Create | Villager (Male) |
| 16:53 | Create | Fishing Ship |
| 17:06 | Build | Fish Trap |
| 17:08 | Create | Villager (Male) |
| 17:09 | Create | Villager (Male) |
| 17:09 | Create | Villager (Male) |
| 17:09 | Create | Villager (Male) |
| 17:10 | Create | Villager (Male) |
| 17:10 | Create | Villager (Male) |
| 17:11 | Create | Villager (Male) |
| 17:19 | Build | Fish Trap |
| 17:28 | Create | Villager (Male) |
| 17:36 | Build | House |
| 17:39 | Build | House |
| 17:43 | Create | Villager (Male) |
| 17:50 | Create | Villager (Male) |
| 17:51 | Create | Villager (Male) |
| 17:56 | Build | Fish Trap |
| 18:00 | Create | Fishing Ship |
| 18:00 | Create | Fishing Ship |
| 18:01 | Create | Fishing Ship |
| 18:20 | Create | Villager (Male) |
| 18:22 | Create | Villager (Male) |
| 18:23 | Create | Villager (Male) |
| 18:23 | Create | Villager (Male) |
| 18:23 | Create | Villager (Male) |
| 18:29 | Build | Stone Wall |
| 18:30 | Build | Stone Wall |
| 18:32 | Build | Stone Wall |
| 18:37 | Build | Stone Wall |
| 18:42 | Build | House |
| 18:44 | Create | Villager (Male) |
| 18:44 | Create | Villager (Male) |
| 18:44 | Create | Villager (Male) |
| 18:45 | Create | Villager (Male) |
| 18:45 | Create | Villager (Male) |
| 18:47 | Create | Fishing Ship |
| 18:51 | Build | Fish Trap |
| 18:55 | Research | Tech 906 |
| 18:56 | Create | Fishing Ship |
| 18:58 | Create | Villager (Male) |
| 19:02 | Build | Farm |
| 19:10 | Research | Bow Saw |
Build order — Don'tHateThePlayer_HateTheLame
First 150 of 418 actions detected
| 0:01 | Create | Villager (Male) ×4 |
| 0:02 | Build | House |
| 0:03 | Build | House |
| 0:33 | Build | Mill |
| 1:42 | Create | Villager (Male) |
| 2:09 | Build | House |
| 2:24 | Create | Villager (Male) |
| 2:24 | Create | Villager (Male) |
| 2:24 | Create | Villager (Male) |
| 3:08 | Create | Villager (Male) |
| 3:43 | Create | Villager (Male) |
| 4:00 | Build | House |
| 4:04 | Create | Villager (Male) |
| 4:04 | Create | Villager (Male) |
| 4:04 | Create | Villager (Male) |
| 4:09 | Create | Villager (Male) |
| 4:22 | Build | House |
| 4:30 | Create | Villager (Male) |
| 4:46 | Create | Villager (Male) |
| 5:36 | Build | Lumber Camp |
| 5:38 | Create | Villager (Male) |
| 5:39 | Create | Villager (Male) |
| 5:39 | Create | Villager (Male) |
| 5:39 | Create | Villager (Male) |
| 6:01 | Create | Villager (Male) |
| 6:32 | Build | House |
| 6:43 | Build | House |
| 6:49 | Build | House |
| 7:13 | Create | Villager (Male) |
| 7:20 | Create | Villager (Male) |
| 7:27 | Build | House |
| 7:35 | Research | Feudal Age |
| 8:26 | Create | Villager (Male) |
| 8:27 | Create | Villager (Male) |
| 8:32 | Build | Dock |
| 8:46 | Build | House |
| 9:09 | Create | Villager (Male) |
| 9:38 | Create | Fishing Ship |
| 9:38 | Create | Fishing Ship |
| 9:45 | Age | Feudal Age |
| 10:00 | Research | Double-Bit Axe |
| 10:37 | Build | Mining Camp |
| 10:41 | Create | Villager (Male) |
| 10:42 | Create | Villager (Male) |
| 11:04 | Create | Fishing Ship |
| 11:25 | Create | Villager (Male) |
| 11:36 | Create | Villager (Male) |
| 11:38 | Create | Fishing Ship |
| 11:44 | Build | House |
| 12:45 | Create | Villager (Male) |
| 12:54 | Build | Market |
| 13:22 | Create | Villager (Male) |
| 13:24 | Create | Villager (Male) |
| 13:46 | Build | Blacksmith |
| 13:57 | Build | Lumber Camp |
| 14:11 | Create | Fishing Ship |
| 14:13 | Research | Castle Age |
| 14:59 | Create | Fishing Ship |
| 15:00 | Research | Tech 906 |
| 15:03 | Create | Fishing Ship |
| 15:06 | Build | House |
| 15:07 | Build | House |
| 15:14 | Build | Fish Trap |
| 15:28 | Research | Wheelbarrow |
| 15:28 | Research | Loom |
| 15:41 | Research | Horse Collar |
| 16:53 | Age | Castle Age |
| 16:53 | Research | Bow Saw |
| 16:56 | Build | Town Center |
| 16:59 | Build | Town Center |
| 17:03 | Create | Villager (Male) |
| 17:06 | Create | Fishing Ship |
| 17:21 | Build | Fish Trap |
| 17:32 | Build | Fish Trap |
| 17:34 | Build | Fish Trap |
| 17:52 | Build | Fish Trap |
| 17:57 | Create | Villager (Male) ×5 |
| 18:18 | Create | Villager (Male) |
| 18:18 | Create | Villager (Male) |
| 18:30 | Research | Gillnets |
| 18:30 | Create | Villager (Male) ×5 |
| 18:33 | Build | Fish Trap |
| 18:38 | Research | Heavy Plow |
| 18:43 | Create | Villager (Male) |
| 18:43 | Create | Villager (Male) |
| 19:07 | Create | Fishing Ship |
| 19:07 | Create | Fishing Ship |
| 19:10 | Create | Villager (Male) ×4 |
| 19:11 | Build | Farm |
| 19:13 | Build | Farm |
| 19:24 | Build | Farm |
| 19:26 | Build | Farm |
| 19:29 | Build | Farm |
| 19:31 | Build | Farm |
| 19:36 | Build | Farm |
| 19:39 | Build | Farm |
| 19:40 | Build | Farm |
| 19:49 | Create | Villager (Male) ×3 |
| 19:53 | Build | Fish Trap |
| 20:02 | Build | Farm |
| 20:06 | Create | Villager (Male) |
| 20:23 | Build | Town Center |
| 20:42 | Build | House |
| 20:43 | Build | House |
| 20:43 | Build | House |
| 20:44 | Build | House |
| 20:55 | Research | Hand Cart |
| 20:56 | Create | Villager (Male) ×3 |
| 21:01 | Build | Farm |
| 21:02 | Build | Farm |
| 21:02 | Build | Farm |
| 21:03 | Build | Farm |
| 21:14 | Build | Fish Trap |
| 21:18 | Create | Villager (Male) ×3 |
| 21:19 | Create | Fishing Ship |
| 21:36 | Build | Farm |
| 21:39 | Build | Farm |
| 21:49 | Build | Farm |
| 21:50 | Build | Farm |
| 21:54 | Build | Farm |
| 21:55 | Build | Farm |
| 21:57 | Create | Villager (Male) ×5 |
| 22:06 | Create | Villager (Male) ×2 |
| 22:10 | Build | Fish Trap |
| 22:12 | Create | Fishing Ship |
| 22:17 | Create | Villager (Male) |
| 22:21 | Research | Gold Mining |
| 22:23 | Create | Villager (Male) |
| 22:31 | Build | Farm |
| 22:32 | Build | Farm |
| 22:36 | Build | Farm |
| 22:38 | Create | Villager (Male) ×4 |
| 22:41 | Build | Farm |
| 22:44 | Create | Villager (Male) |
| 22:54 | Build | Lumber Camp |
| 22:55 | Build | Lumber Camp |
| 23:00 | Build | Fish Trap |
| 23:02 | Create | Fishing Ship |
| 23:03 | Create | Fishing Ship |
| 23:05 | Create | Villager (Male) ×3 |
| 23:10 | Build | Farm |
| 23:16 | Build | House |
| 23:18 | Build | House |
| 23:19 | Build | House |
| 23:20 | Build | House |
| 23:21 | Build | House |
| 23:21 | Build | House |
| 23:22 | Build | House |
| 23:24 | Build | House |
| 23:27 | Build | House |
Build order — FoxTroT
First 150 of 690 actions detected
| 0:01 | Create | Villager (Male) |
| 0:01 | Create | Villager (Male) |
| 0:02 | Build | House |
| 0:03 | Build | House |
| 0:25 | Research | Loom |
| 0:25 | Create | Villager (Male) |
| 0:25 | Create | Villager (Male) |
| 0:26 | Create | Villager (Male) |
| 0:32 | Build | Palisade Wall |
| 1:25 | Build | Palisade Wall |
| 2:25 | Build | House |
| 2:27 | Create | Villager (Male) |
| 2:53 | Create | Villager (Male) |
| 2:53 | Create | Villager (Male) |
| 3:25 | Create | Villager (Male) |
| 3:26 | Create | Villager (Male) |
| 3:48 | Create | Villager (Male) |
| 4:12 | Create | Villager (Male) |
| 4:12 | Create | Villager (Male) |
| 4:43 | Create | Villager (Male) |
| 5:10 | Build | House |
| 5:15 | Create | Villager (Male) |
| 5:15 | Create | Villager (Male) |
| 5:15 | Create | Villager (Male) |
| 5:26 | Build | Palisade Wall |
| 5:58 | Create | Villager (Male) |
| 5:58 | Create | Villager (Male) |
| 6:15 | Create | Villager (Male) |
| 6:40 | Build | Lumber Camp |
| 6:41 | Build | House |
| 7:00 | Create | Villager (Male) |
| 7:00 | Create | Villager (Male) |
| 7:36 | Create | Villager (Male) |
| 7:43 | Create | Villager (Male) |
| 8:13 | Create | Villager (Male) |
| 8:41 | Build | Mill |
| 8:59 | Create | Villager (Male) |
| 9:16 | Create | Villager (Male) |
| 9:16 | Create | Villager (Male) |
| 9:29 | Build | Mining Camp |
| 9:43 | Build | House |
| 9:55 | Create | Villager (Male) |
| 9:58 | Research | Feudal Age |
| 10:22 | Build | Mining Camp |
| 12:03 | Build | Barracks |
| 12:13 | Create | Villager (Male) |
| 12:13 | Create | Villager (Male) |
| 12:13 | Create | Villager (Male) |
| 12:13 | Create | Villager (Male) |
| 12:50 | Age | Feudal Age |
| 12:58 | Build | Stone Wall |
| 13:02 | Build | Stone Wall |
| 13:03 | Research | Double-Bit Axe |
| 13:34 | Build | Market |
| 13:41 | Research | Horse Collar |
| 14:09 | Build | Stone Wall |
| 14:25 | Create | Villager (Male) |
| 14:25 | Create | Villager (Male) |
| 14:26 | Create | Villager (Male) |
| 14:26 | Create | Villager (Male) |
| 14:55 | Build | Blacksmith |
| 15:01 | Build | Farm |
| 15:02 | Build | Farm |
| 15:06 | Build | Farm |
| 15:06 | Build | Farm |
| 15:32 | Build | House |
| 15:40 | Build | House |
| 15:50 | Build | House |
| 16:15 | Research | Castle Age |
| 16:15 | Research | Castle Age |
| 16:23 | Build | House |
| 16:34 | Create | Villager (Male) |
| 16:34 | Create | Villager (Male) |
| 16:34 | Create | Villager (Male) |
| 16:52 | Create | Villager (Male) |
| 17:06 | Build | Stone Wall |
| 17:14 | Build | Farm |
| 17:15 | Build | Farm |
| 17:16 | Build | Farm |
| 17:17 | Build | Farm |
| 17:18 | Build | Farm |
| 17:19 | Build | Farm |
| 17:20 | Build | Farm |
| 17:23 | Build | Farm |
| 17:46 | Create | Villager (Male) |
| 18:22 | Build | Farm |
| 18:26 | Create | Villager (Male) |
| 18:27 | Research | Wheelbarrow |
| 18:55 | Age | Castle Age |
| 18:57 | Build | Town Center |
| 19:17 | Build | Town Center |
| 19:24 | Build | Town Center |
| 20:07 | Build | Siege Workshop |
| 20:33 | Create | Villager (Male) |
| 20:33 | Create | Villager (Male) |
| 20:42 | Create | Villager (Male) |
| 20:42 | Create | Villager (Male) |
| 20:42 | Create | Villager (Male) |
| 20:42 | Create | Villager (Male) |
| 20:48 | Create | Mangonel |
| 20:56 | Create | Villager (Male) |
| 20:56 | Create | Villager (Male) |
| 21:18 | Create | Villager (Male) |
| 21:18 | Create | Villager (Male) |
| 21:24 | Build | Monastery |
| 21:29 | Create | Villager (Male) |
| 21:29 | Create | Villager (Male) |
| 21:29 | Create | Villager (Male) |
| 22:12 | Build | Town Center |
| 22:16 | Create | Villager (Male) |
| 22:16 | Create | Villager (Male) |
| 22:17 | Create | Villager (Male) |
| 22:17 | Create | Villager (Male) |
| 22:18 | Create | Monk |
| 22:23 | Build | Farm |
| 22:23 | Build | Farm |
| 22:31 | Create | Villager (Male) |
| 22:31 | Create | Villager (Male) |
| 22:32 | Create | Villager (Male) |
| 22:32 | Create | Villager (Male) |
| 22:35 | Build | Farm |
| 22:37 | Build | Farm |
| 22:52 | Create | Villager (Male) |
| 22:52 | Create | Villager (Male) |
| 22:52 | Create | Villager (Male) |
| 22:53 | Create | Villager (Male) |
| 23:18 | Create | Villager (Male) |
| 23:18 | Create | Villager (Male) |
| 23:18 | Create | Villager (Male) |
| 23:27 | Create | Villager (Male) |
| 23:27 | Create | Villager (Male) |
| 23:30 | Build | Farm |
| 23:31 | Build | Farm |
| 23:32 | Build | Farm |
| 23:32 | Build | Farm |
| 23:33 | Build | Farm |
| 23:37 | Build | Farm |
| 23:40 | Build | Farm |
| 23:41 | Build | Farm |
| 23:46 | Build | Farm |
| 23:46 | Build | Farm |
| 23:48 | Create | Villager (Male) |
| 23:48 | Create | Villager (Male) |
| 23:48 | Create | Villager (Male) |
| 23:51 | Create | Villager (Male) |
| 23:51 | Create | Villager (Male) |
| 23:59 | Build | Farm |
| 24:00 | Build | Farm |
| 24:01 | Build | Farm |
| 24:02 | Build | Farm |
Match timeline
| 0:32 | FoxTroT · wall_segment Palisade Wall x25 |
| 1:04 | Camarillo Brillo · wall_segment Palisade Wall x10 |
| 1:19 | Lucky · wall_segment Palisade Wall x6 |
| 1:25 | FoxTroT · wall_segment Palisade Wall x10 |
| 1:36 | SjsteM · wall_segment Palisade Wall x1 |
| 1:52 | Camarillo Brillo · wall_segment Palisade Wall x14 |
| 2:23 | SjsteM · wall_segment Palisade Wall x1 |
| 2:25 | SjsteM · wall_segment Palisade Wall x1 |
| 2:26 | SjsteM · wall_segment Palisade Wall x1 |
| 2:27 | SjsteM · wall_segment Palisade Wall x1 |
| 2:29 | SjsteM · wall_segment Palisade Wall x1 |
| 2:30 | SjsteM · wall_segment Palisade Wall x1 |
| 2:32 | SjsteM · wall_segment Palisade Wall x1 |
| 3:46 | Bucky · wall_segment Palisade Wall x1 |
| 3:47 | Bucky · wall_segment Palisade Wall x1 |
| 3:49 | Bucky · wall_segment Palisade Wall x7 |
| 4:33 | MARIJUANA_LUNG · first_building Dock |
| 5:26 | FoxTroT · wall_segment Palisade Wall x11 |
| 5:52 | Bucky · wall_segment Palisade Wall x1 |
| 6:31 | SjsteM · wall_segment Palisade Wall x1 |
| 6:32 | SjsteM · wall_segment Palisade Wall x1 |
| 6:32 | SjsteM · wall_segment Palisade Wall x1 |
| 6:33 | SjsteM · wall_segment Palisade Wall x1 |
| 6:34 | SjsteM · wall_segment Palisade Wall x1 |
| 6:35 | SjsteM · wall_segment Palisade Wall x1 |
| 6:38 | SjsteM · wall_segment Palisade Wall x1 |
| 6:39 | SjsteM · wall_segment Palisade Wall x1 |
| 6:57 | Bucky · wall_segment Palisade Wall x1 |
| 7:10 | Bucky · wall_segment Palisade Wall x1 |
| 7:30 | SjsteM · wall_segment Palisade Wall x1 |
| 7:33 | SjsteM · wall_segment Palisade Wall x1 |
| 7:35 | SjsteM · wall_segment Palisade Wall x1 |
| 7:37 | SjsteM · wall_segment Palisade Wall x7 |
| 8:32 | Don'tHateThePlayer_HateTheLame · first_building Dock |
| 8:34 | SjsteM · wall_segment Palisade Wall x1 |
| 8:35 | SjsteM · wall_segment Palisade Wall x1 |
| 8:56 | Slets go · age_up feudal |
| 9:03 | SjsteM · wall_segment Palisade Wall x6 |
| 9:43 | Bucky · age_up feudal |
| 9:45 | Don'tHateThePlayer_HateTheLame · age_up feudal |
| 10:03 | Bucky · wall_segment Stone Wall x10 |
| 10:04 | Bucky · wall_segment Stone Wall x3 |
| 11:25 | MARIJUANA_LUNG · age_up feudal |
| 11:32 | Lucky · age_up feudal |
| 12:03 | FoxTroT · first_building Barracks |
| 12:15 | SjsteM · age_up feudal |
| 12:50 | FoxTroT · age_up feudal |
| 12:58 | FoxTroT · wall_segment Stone Wall x8 |
| 13:01 | Bucky · first_market_sell 100 wood |
| 13:02 | FoxTroT · wall_segment Stone Wall x13 |
| 13:11 | Camarillo Brillo · age_up feudal |
| 13:21 | Camarillo Brillo · wall_segment Stone Wall x12 |
| 14:09 | FoxTroT · wall_segment Stone Wall x11 |
| 14:11 | MARIJUANA_LUNG · wall_segment Stone Wall x1 |
| 14:12 | MARIJUANA_LUNG · wall_segment Stone Wall x1 |
| 14:12 | MARIJUANA_LUNG · wall_segment Stone Wall x1 |
| 14:13 | MARIJUANA_LUNG · wall_segment Stone Wall x1 |
| 14:14 | MARIJUANA_LUNG · wall_segment Stone Wall x1 |
| 14:16 | MARIJUANA_LUNG · wall_segment Stone Wall x8 |
| 14:20 | MARIJUANA_LUNG · wall_segment Stone Wall x1 |
| 14:23 | MARIJUANA_LUNG · wall_segment Stone Wall x1 |
| 14:26 | MARIJUANA_LUNG · wall_segment Stone Wall x10 |
| 14:36 | Lucky · wall_segment Stone Wall x7 |
| 15:18 | Camarillo Brillo · wall_segment Stone Wall x7 |
| 15:18 | Camarillo Brillo · wall_segment Stone Wall x6 |
| 15:20 | MARIJUANA_LUNG · age_up castle |
| 15:43 | Bucky · age_up castle |
| 16:05 | Lucky · age_up castle |
| 16:10 | SjsteM · first_market_buy 100 food |
| 16:53 | Don'tHateThePlayer_HateTheLame · age_up castle |
| 17:06 | FoxTroT · wall_segment Stone Wall x10 |
| 17:22 | Camarillo Brillo · age_up castle |
| 17:42 | Lucky · first_market_buy 100 wood |
| 17:56 | Bucky · wall_segment Stone Wall x9 |
| 17:58 | Bucky · wall_segment Stone Wall x3 |
| 18:29 | MARIJUANA_LUNG · wall_segment Stone Wall x1 |
| 18:30 | MARIJUANA_LUNG · wall_segment Stone Wall x1 |
| 18:32 | MARIJUANA_LUNG · wall_segment Stone Wall x1 |
| 18:37 | MARIJUANA_LUNG · wall_segment Stone Wall x7 |
| 18:44 | Slets go · age_up castle |
| 18:52 | Slets go · first_market_buy 100 stone |
| 18:55 | FoxTroT · age_up castle |
| 19:05 | FoxTroT · first_market_buy 100 stone |
| 19:07 | FoxTroT · first_market_sell 100 wood |
| 19:12 | SjsteM · age_up castle |
| 20:05 | Lucky · wall_segment Stone Wall x1 |
| 20:07 | FoxTroT · first_building Siege Workshop |
| 20:15 | Bucky · first_building Monastery |
| 20:37 | Lucky · wall_segment Stone Wall x1 |
| 21:24 | FoxTroT · first_building Monastery |
| 21:25 | Camarillo Brillo · first_market_buy 100 stone |
| 21:48 | Bucky · wall_segment Stone Wall x10 |
| 22:28 | Camarillo Brillo · wall_segment Stone Wall x12 |
| 22:58 | Slets go · first_building Monastery |
| 23:30 | MARIJUANA_LUNG · first_building Monastery |
| 24:00 | Camarillo Brillo · first_building Monastery |
| 24:18 | MARIJUANA_LUNG · first_market_sell 100 food |
| 24:39 | Slets go · first_building Barracks |
| 24:52 | Camarillo Brillo · first_building Barracks |
| 25:00 | Camarillo Brillo · first_building Siege Workshop |
| 25:08 | FoxTroT · first_building Castle |
| 25:11 | Slets go · first_building Stable |
| 25:17 | MARIJUANA_LUNG · first_building Barracks |
| 25:26 | Don'tHateThePlayer_HateTheLame · first_building Siege Workshop |
| 25:36 | Bucky · first_building Castle |
| 25:46 | SjsteM · first_building Castle |
| 25:54 | MARIJUANA_LUNG · first_building Archery Range |
| 25:55 | SjsteM · first_building Barracks |
| 26:13 | Bucky · first_building Barracks |
| 26:33 | Camarillo Brillo · first_market_sell 100 wood |
| 26:38 | Slets go · age_up imperial |
| 27:03 | Slets go · first_building Castle |
| 27:12 | MARIJUANA_LUNG · first_building Castle |
| 27:21 | Don'tHateThePlayer_HateTheLame · first_market_sell 500 food |
| 27:22 | Don'tHateThePlayer_HateTheLame · first_market_buy 500 stone |
| 27:30 | MARIJUANA_LUNG · age_up imperial |
| 27:33 | Don'tHateThePlayer_HateTheLame · first_building Castle |
| 27:48 | Bucky · first_building Stable |
| 27:49 | Don'tHateThePlayer_HateTheLame · first_building Barracks |
| 27:51 | MARIJUANA_LUNG · first_building Siege Workshop |
| 28:00 | Lucky · first_building Castle |
| 28:45 | Lucky · wall_segment Stone Wall x8 |
| 28:47 | Don'tHateThePlayer_HateTheLame · first_building Stable |
| 29:05 | MARIJUANA_LUNG · first_market_buy 100 wood |
| 29:08 | Lucky · wall_segment Stone Wall x7 |
| 29:34 | Lucky · wall_segment Stone Wall x12 |
| 29:37 | Bucky · first_building Archery Range |
| 29:58 | Camarillo Brillo · age_up imperial |
| 30:11 | Lucky · wall_segment Stone Wall x13 |
| 30:36 | Don'tHateThePlayer_HateTheLame · age_up imperial |
| 30:42 | Bucky · age_up imperial |
| 30:45 | Lucky · wall_segment Stone Wall x8 |
| 30:56 | Bucky · first_market_buy 100 food |
| 31:20 | Lucky · wall_segment Stone Wall x9 |
| 31:32 | Camarillo Brillo · first_building Castle |
| 31:40 | SjsteM · first_building Siege Workshop |
| 31:40 | MARIJUANA_LUNG · tribute_sent a jugador 1 |
| 31:40 | MARIJUANA_LUNG · tribute_sent a jugador 2 |
| 31:40 | MARIJUANA_LUNG · tribute_sent a jugador 3 |
| 31:40 | MARIJUANA_LUNG · tribute_sent a jugador 4 |
| 31:40 | MARIJUANA_LUNG · tribute_sent a jugador 5 |
| 31:40 | MARIJUANA_LUNG · tribute_sent a jugador 7 |
| 31:40 | MARIJUANA_LUNG · tribute_sent a jugador 8 |
| 31:48 | Lucky · wall_segment Stone Wall x8 |
| 32:11 | SjsteM · age_up imperial |
| 32:17 | Lucky · wall_segment Stone Wall x9 |
| 32:35 | Lucky · first_building Barracks |
| 32:52 | Lucky · age_up imperial |
| 32:57 | Don'tHateThePlayer_HateTheLame · wall_segment Stone Wall x4 |
| 33:27 | Lucky · wall_segment Stone Wall x9 |
| 33:42 | FoxTroT · wall_segment Stone Wall x7 |
| 33:57 | FoxTroT · age_up imperial |
| 34:17 | Lucky · wall_segment Stone Wall x11 |
| 35:42 | Lucky · first_market_sell 100 food |
| 35:52 | SjsteM · first_market_sell 100 food |
| 36:09 | Lucky · wall_segment Stone Wall x1 |
| 36:12 | Lucky · wall_segment Stone Wall x12 |
| 37:09 | Slets go · tribute_sent a jugador 1 |
| 37:09 | Slets go · tribute_sent a jugador 2 |
| 37:09 | Slets go · tribute_sent a jugador 3 |
| 37:09 | Slets go · tribute_sent a jugador 5 |
| 37:09 | Slets go · tribute_sent a jugador 6 |
| 37:09 | Slets go · tribute_sent a jugador 7 |
| 37:09 | Slets go · tribute_sent a jugador 8 |
| 37:20 | Lucky · wall_segment Stone Wall x1 |
| 37:20 | Lucky · wall_segment Stone Wall x1 |
| 37:53 | Lucky · first_building Siege Workshop |
| 38:23 | Lucky · wall_segment Stone Wall x13 |
| 41:14 | Lucky · wall_segment Stone Wall x1 |
| 41:14 | Lucky · wall_segment Stone Wall x1 |
| 42:58 | Lucky · wall_segment Stone Wall x8 |
| 44:58 | Lucky · first_building Archery Range |
| 45:26 | Camarillo Brillo · tribute_sent a jugador 1 |
| 45:26 | Camarillo Brillo · tribute_sent a jugador 2 |
| 45:26 | Camarillo Brillo · tribute_sent a jugador 3 |
| 45:26 | Camarillo Brillo · tribute_sent a jugador 4 |
| 45:26 | Camarillo Brillo · tribute_sent a jugador 6 |
| 45:26 | Camarillo Brillo · tribute_sent a jugador 7 |
| 45:26 | Camarillo Brillo · tribute_sent a jugador 8 |
| 45:29 | MARIJUANA_LUNG · tribute_sent a jugador 1 |
| 45:29 | MARIJUANA_LUNG · tribute_sent a jugador 2 |
| 45:29 | MARIJUANA_LUNG · tribute_sent a jugador 3 |
| 45:29 | MARIJUANA_LUNG · tribute_sent a jugador 4 |
| 45:29 | MARIJUANA_LUNG · tribute_sent a jugador 5 |
| 45:29 | MARIJUANA_LUNG · tribute_sent a jugador 7 |
| 45:29 | MARIJUANA_LUNG · tribute_sent a jugador 8 |
| 45:30 | Slets go · tribute_sent a jugador 1 |
| 45:30 | Slets go · tribute_sent a jugador 2 |
| 45:30 | Slets go · tribute_sent a jugador 3 |
| 45:30 | Slets go · tribute_sent a jugador 5 |
| 45:30 | Slets go · tribute_sent a jugador 6 |
| 45:30 | Slets go · tribute_sent a jugador 7 |
| 45:30 | Slets go · tribute_sent a jugador 8 |
| 45:30 | Don'tHateThePlayer_HateTheLame · tribute_sent a jugador 1 |
| 45:30 | Don'tHateThePlayer_HateTheLame · tribute_sent a jugador 2 |
| 45:30 | Don'tHateThePlayer_HateTheLame · tribute_sent a jugador 3 |
| 45:30 | Don'tHateThePlayer_HateTheLame · tribute_sent a jugador 4 |
| 45:30 | Don'tHateThePlayer_HateTheLame · tribute_sent a jugador 5 |
| 45:30 | Don'tHateThePlayer_HateTheLame · tribute_sent a jugador 6 |
| 45:30 | Don'tHateThePlayer_HateTheLame · tribute_sent a jugador 8 |
| 45:51 | Don'tHateThePlayer_HateTheLame · tribute_sent a jugador 1 |
| 45:51 | Don'tHateThePlayer_HateTheLame · tribute_sent a jugador 2 |
| 45:51 | Don'tHateThePlayer_HateTheLame · tribute_sent a jugador 3 |
| 45:51 | Don'tHateThePlayer_HateTheLame · tribute_sent a jugador 4 |
| 45:51 | Don'tHateThePlayer_HateTheLame · tribute_sent a jugador 5 |
| 45:51 | Don'tHateThePlayer_HateTheLame · tribute_sent a jugador 6 |
| 45:51 | Don'tHateThePlayer_HateTheLame · tribute_sent a jugador 8 |
| 48:20 | Don'tHateThePlayer_HateTheLame · resign |
[ AI ANALYSIS · 1 CREDIT ]
What really happened in this match?
Wolo.gg analyzes every decision: build order, eco, micro, common mistakes by bracket. Personalized analysis on WhatsApp or Discord in 30 seconds.
Civ guide
Lithuanians
Perfil
Jugador #21495458